 Dungeon Crawl Stone Soup version 0.31-a0-986-g5e6e4ef867 (webtiles) character file.

Game seed: 13714864888804713467

9 Persephone the Chopper (level 2, 0/24 HPs)
             Began as a Demonspawn Berserker on Nov 8, 2023.
             Was a Follower of Trog.
             Slain by a goblin
             ... wielding a +0 dagger
              (3 damage)
             ... on level 1 of the Dungeon.
             The game lasted 00:00:33 (259 turns).

Persephone the Chopper (Demonspawn Berserker)        Turns: 259, Time: 00:00:34

Health: 0/24       AC:  3    Str: 17    XL:     2   Next: 6%
Magic:  2/2        EV: 12    Int: 10    God:    Trog [*.....]
Gold:   47         SH:  0    Dex: 12    Spells: 1/1 levels left

rFire   . . .        a - +0 hand axe
rCold   . . .        (no shield)
rNeg    . . .        b - +0 animal skin
rPois   .            c - +0 helmet
rElec   .            (no cloak)
rCorr   .            (no gloves)
SInv    .            (no boots)
Will    .....        (no amulet)
Stlth   +            (no ring)
HPRegen 0.24/turn    (no ring)
MPRegen 0.08/turn

%: no passive effects
@: no status effects
A: big brain 1
a: Renounce Religion, Berserk


You were on level 1 of the Dungeon.
You worshipped Trog.
Trog was aware of your devotion.
You visited 1 branch of the dungeon, and saw 1 of its levels.

You collected 47 gold pieces.

Inventory:

Hand Weapons
 a - a +0 hand axe (weapon)
Armour
 b - a +0 animal skin (worn)
 c - a +0 helmet (worn)


   Skills:
 - Level 3.0 Fighting
 + Level 3.3 Axes
 - Level 1.7 Armour
 - Level 1.7 Dodging


You had one spell level left.
You didn't know any spells.
Your spell library was empty.

Dungeon Overview and Level Annotations

Branches:
Dungeon (1/15)

Altars:


Innate Abilities, Weirdness & Mutations

You have an unusually large brain. (Int +2)


Message History

The endoplasm is almost dead.
The endoplasm freezes you.
You are frozen.
You are too injured to fight recklessly!
You slash the endoplasm!
You kill the endoplasm!
Trog accepts your kill.
Auto Killed stopped - Key pressed Key pressed, stopping explore.
You see here a +0 robe.
You see here a ball python corpse.
A goblin comes into view. It is wielding a +0 dagger.
The goblin shouts!
You hear a shout!
An endoplasm comes into view.
A quokka comes into view.
You barely miss the goblin. The goblin hits you but does no damage.
Auto kill stopped - Too dangerous: Extremely Dangerous (0) Dangerous (0) Easy (3) Harmless (0)
A goblin comes into view. It is wielding a +0 dagger.
The goblin hits you but does no damage. The goblin hits you but does no damage.
The endoplasm jiggles.
The quokka barely misses you. The goblin hits you but does no damage.
The endoplasm closely misses you. The quokka bites you. The endoplasm hits you.
The goblin hits you with a +0 dagger. The goblin hits you but does no damage.
The quokka closely misses you. The endoplasm freezes you.
You are frozen.
The goblin hits you but does no damage. The goblin hits you with a +0 dagger.
The quokka closely misses you. The endoplasm freezes you.
You are frozen.
The goblin hits you but does no damage. The goblin misses you.
The quokka misses you.
The endoplasm hits you but does no damage.
The quokka bites you.
* * * LOW HITPOINT WARNING * * *
The goblin hits you but does no damage. x2
The quokka barely misses you. The goblin hits you with a +0 dagger.
* * * LOW HITPOINT WARNING * * *
The goblin hits you with a +0 dagger.
You die...

...### ###########
...... .........### ...#
#..........###. ...#
#............. ####
#..>........#
#...........##. #
#.............. ###
#......gr...##
..########......@g....#
.................J......
###..#.......#######..##
...#.....##### .#
........##
........######
..............
......###.....
....#.###....#


You could see an endoplasm, a quokka and 2 goblins.

Vanquished Creatures
  3 ball pythons (D:1)
  An endoplasm (D:1)
  A giant cockroach (D:1)
  A hobgoblin (D:1)
  A kobold (D:1)
  A rat (D:1)
8 creatures vanquished.

Notes
Turn   | Place    | Note
-------+----------+-------------------------------------------
     0 | D:1      | Persephone the Demonspawn Berserker began the quest for the
                  | Orb.
     0 | D:1      | Reached XP level 1. HP: 18/18 MP: 1/1
   162 | D:1      | Gained mutation: You have an unusually large brain. (Int
                  | +2) [demonic ancestry]
   162 | D:1      | Reached XP level 2. HP: 24/24 MP: 2/2
   259 | D:1      | Slain by a goblin

Illustrated notes

Levels and vault maps discovered:
D:1:      spicycebolla_arrival_ecumenical, layout_rooms

Skill      XL: |  1 |
---------------+----+-----
Axes           | 3 |  3.3
Fighting       | |  3.0
Armour         | |  1.7
Dodging        | |  1.7

Action                     || total
---------------------------++-------
  Melee: Hand axe          ||    41
         Punch             ||     2
   Stab: Sleeping          ||     1
 Armour: Animal skin       ||    40
  Dodge: Dodged            ||    33

Table legend: (Time is in decaauts)
 A = Elapsed time spent in this place.
 B = Non-inter-level travel time spent in this place.
 C = Inter-level travel time spent in this place.
 D = Time resting spent in this place.
 E = Time spent auto-exploring this place.
 F = Levels seen in this place.
 G = Mean time per level.
                   A        B        C        D        E       F      G
               +--------+--------+--------+--------+--------+-----+--------+
         Total |    264 |    264 |      0 |      0 |    151 |   1 |  264.0 |
       Dungeon |    264 |    264 |      0 |      0 |    151 |   1 |  264.0 |
               +--------+--------+--------+--------+--------+-----+--------+

Top non-repeatable levels by time:
     D:1: 264 daAuts
